[ AOE2 MATCH · #466735936 ]
UnrankedAztecs vs Hindustanis
[ REPLAY ANALYSIS · EXTRACTED FROM THE RECORDED GAME ]
Feudal
14:00
Castle
18:03
Imperial
31:07
| APM avg | 29.8 |
| APM peak | 66 |
| eAPM avg | 18.4 |
| Villagers / military | 147 / 145 |
Focus
⚔️ 33.8% · 🌾 66.2%
Jaguar Warrior ×74 · Eagle Scout ×61 · Mangonel ×6 · Battering Ram ×3 · Trebuchet (Packed) ×1
Feudal
14:00
Castle
18:22
Imperial
36:08
| APM avg | 44.9 |
| APM peak | 93 |
| eAPM avg | 31.6 |
| Villagers / military | 312 / 157 |
Focus
⚔️ 32.5% · 🌾 67.5%
Skirmisher ×112 · Hand Cannoneer ×28 · Ghulam ×9 · Monk ×5 · Bombard Cannon ×3
Feudal
13:52
Castle
17:24
Imperial
44:35
| APM avg | 49.1 |
| APM peak | 99 |
| eAPM avg | 19.3 |
| Villagers / military | 169 / 72 |
Focus
⚔️ 20.8% · 🌾 79.2%
War Wagon ×65 · Battering Ram ×3 · Monk ×2 · Trebuchet (Packed) ×2
Feudal
13:03
Castle
16:34
Imperial
40:10
| APM avg | 44.9 |
| APM peak | 93 |
| eAPM avg | 26.6 |
| Villagers / military | 135 / 133 |
Focus
⚔️ 25.3% · 🌾 74.7%
Arambai ×102 · Battering Ram ×20 · Trebuchet (Packed) ×10 · Monk ×1
Feudal
13:12
Castle
16:44
Imperial
48:05
| APM avg | 43.9 |
| APM peak | 74 |
| eAPM avg | 26.7 |
| Villagers / military | 206 / 45 |
Focus
⚔️ 18.6% · 🌾 81.4%
Plumed Archer ×33 · Battering Ram ×7 · Monk ×3 · Mangonel ×2
Feudal
14:12
Castle
18:41
Imperial
38:10
| APM avg | 26.2 |
| APM peak | 63 |
| eAPM avg | 20.1 |
| Villagers / military | 206 / 331 |
Focus
⚔️ 39.7% · 🌾 60.3%
Steppe Lancer ×188 · Scout Cavalry ×141 · Unknown (1920) ×24 · Monk ×1 · Fire Lancer ×1
Feudal
13:33
Castle
17:09
Imperial
40:14
| APM avg | 42.7 |
| APM peak | 78 |
| eAPM avg | 24.4 |
| Villagers / military | 174 / 19 |
Focus
⚔️ 21.2% · 🌾 78.8%
Mangonel ×19
Feudal
13:03
Castle
16:43
Imperial
32:46
| APM avg | 41.2 |
| APM peak | 74 |
| eAPM avg | 25.7 |
| Villagers / military | 249 / 271 |
Focus
⚔️ 39.2% · 🌾 60.8%
Cavalry Archer ×139 · Samurai ×108 · Trebuchet (Packed) ×10 · Battering Ram ×9 · Monk ×5
Match map
Initial resources + every placement click. Lines = walls · curves = elevation contours. ◆ gold · ⬟ stone · ● berries · ✦ relic · ◌ wall gap
Your base· Open — unwalled flank
_LY_抖音肥龙's base· Open — unwalled flank
直帝选手一碰就碎's base· Open — 7t gap
Cannon's base· Open — 9t gap
龙门飞甲雨化田's base· Open — 10t gap
black empire lao lei's base· Open — unwalled flank
綾地宁宁's base· Open — 1t gap
yuyuyuyuyu's base· Open — unwalled flank
Smoothed initial terrain · ◌ = detected wall gap · hover for details
Inputs per minute
— 元子 - - _LY_抖音肥龙
Build order — 元子
First 150 of 339 actions detected
| 0:28 | Build | Town Center |
| 0:43 | Build | Lumber Camp |
| 2:45 | Build | House |
| 2:50 | Queue | Villager (Male) |
| 2:50 | Queue | Villager (Male) ×3 |
| 2:51 | Queue | Villager (Male) |
| 4:40 | Queue | Villager (Male) |
| 4:40 | Queue | Villager (Male) |
| 4:50 | Queue | Villager (Male) |
| 5:07 | Queue | Villager (Male) |
| 5:14 | Build | House |
| 5:15 | Build | House |
| 6:07 | Queue | Villager (Male) |
| 6:33 | Build | House |
| 6:36 | Queue | Villager (Male) |
| 6:36 | Queue | Villager (Male) |
| 6:36 | Queue | Villager (Male) |
| 6:39 | Queue | Villager (Male) |
| 6:39 | Queue | Villager (Male) |
| 7:04 | Build | Palisade Wall |
| 7:11 | Build | Palisade Wall |
| 7:22 | Build | Mill |
| 8:03 | Queue | Villager (Male) ×2 |
| 8:03 | Queue | Villager (Male) ×2 |
| 8:52 | Build | Farm |
| 8:55 | Queue | Villager (Male) |
| 8:55 | Queue | Villager (Male) |
| 9:23 | Build | Farm |
| 9:43 | Queue | Villager (Male) |
| 9:45 | Queue | Villager (Male) |
| 10:11 | Build | Farm |
| 10:31 | Queue | Villager (Male) |
| 10:31 | Queue | Villager (Male) |
| 10:40 | Build | Farm |
| 10:59 | Queue | Villager (Male) |
| 11:33 | Build | Farm |
| 11:40 | Queue | Villager (Male) |
| 11:41 | Research | Feudal Age |
| 12:08 | Build | Farm |
| 12:12 | Build | Farm |
| 12:12 | Build | Farm |
| 12:12 | Build | Farm |
| 12:23 | Build | Farm |
| 12:57 | Build | Farm |
| 13:18 | Queue | Villager (Male) |
| 13:59 | Queue | Villager (Male) |
| 14:00 | Age | Feudal Age |
| 14:03 | Build | Market |
| 14:29 | Queue | Villager (Male) |
| 14:34 | Build | Blacksmith |
| 14:40 | Build | Farm |
| 15:00 | Research | Double-Bit Axe |
| 15:01 | Research | Double-Bit Axe |
| 15:07 | Research | Horse Collar |
| 15:18 | Build | House |
| 15:19 | Build | House |
| 15:22 | Research | Castle Age |
| 15:53 | Queue | Villager (Male) |
| 15:53 | Queue | Villager (Male) |
| 16:05 | Build | House |
| 16:06 | Build | House |
| 16:07 | Build | House |
| 16:18 | Build | Stone Wall |
| 16:18 | Build | Stone Wall |
| 16:31 | Build | Stone Wall |
| 16:43 | Build | Mining Camp |
| 16:53 | Build | Mining Camp |
| 16:58 | Build | Mining Camp |
| 17:16 | Queue | Villager (Male) |
| 17:38 | Build | Barracks |
| 17:48 | Build | House |
| 18:03 | Age | Castle Age |
| 18:11 | Build | Town Center |
| 18:13 | Queue | Villager (Male) |
| 18:38 | Build | Town Center |
| 18:41 | Queue | Villager (Male) |
| 18:54 | Build | Gate |
| 19:03 | Build | Stone Wall |
| 19:07 | Queue | Villager (Male) |
| 19:20 | Research | Wheelbarrow |
| 19:39 | Queue | Villager (Male) ×5 |
| 19:49 | Build | Farm |
| 19:50 | Build | Farm |
| 19:50 | Build | Farm |
| 20:02 | Build | Farm |
| 20:12 | Build | Farm |
| 20:14 | Queue | Villager (Male) ×5 |
| 20:25 | Build | Stone Wall |
| 20:31 | Queue | Villager (Male) ×3 |
| 20:56 | Build | Farm |
| 20:56 | Build | Farm |
| 21:00 | Queue | Villager (Male) ×2 |
| 21:03 | Build | Farm |
| 21:07 | Build | Farm |
| 21:14 | Build | Stone Wall |
| 21:18 | Queue | Villager (Male) ×2 |
| 21:28 | Build | Farm |
| 21:35 | Build | House |
| 21:36 | Build | House |
| 21:38 | Build | Farm |
| 21:57 | Build | Town Center |
| 21:59 | Queue | Villager (Male) ×5 |
| 22:00 | Build | Farm |
| 22:01 | Build | Farm |
| 22:12 | Build | Farm |
| 22:25 | Build | House |
| 22:33 | Build | Farm |
| 22:45 | Build | Mining Camp |
| 23:16 | Research | Heavy Plow |
| 23:17 | Queue | Villager (Male) ×5 |
| 23:25 | Research | Gold Mining |
| 23:31 | Queue | Villager (Male) ×4 |
| 23:43 | Build | Farm |
| 23:50 | Queue | Villager (Male) ×5 |
| 24:12 | Build | Farm |
| 24:19 | Build | Farm |
| 24:20 | Queue | Villager (Male) ×5 |
| 24:23 | Build | Farm |
| 24:28 | Build | Farm |
| 24:33 | Queue | Villager (Male) ×3 |
| 24:36 | Build | Farm |
| 24:43 | Build | Monastery |
| 24:47 | Build | Farm |
| 24:48 | Queue | Villager (Male) ×3 |
| 25:19 | Research | Hand Cart |
| 25:20 | Research | Hand Cart |
| 25:29 | Research | Gold Shaft Mining |
| 25:30 | Research | Gold Shaft Mining |
| 25:38 | Build | Farm |
| 25:40 | Queue | Villager (Male) ×3 |
| 25:46 | Build | University |
| 26:06 | Queue | Villager (Male) ×5 |
| 26:13 | Build | House |
| 26:14 | Build | House |
| 26:15 | Build | House |
| 26:21 | Build | House |
| 26:22 | Build | House |
| 26:23 | Build | House |
| 26:27 | Queue | Villager (Male) ×5 |
| 26:29 | Build | Farm |
| 26:29 | Build | Farm |
| 26:48 | Build | House |
| 26:50 | Build | House |
| 26:51 | Build | House |
| 27:02 | Build | Farm |
| 27:03 | Build | Farm |
| 27:07 | Queue | Villager (Male) ×5 |
| 27:23 | Build | Mill |
| 27:24 | Build | Farm |
| 27:24 | Build | Farm |
Build order — _LY_抖音肥龙
First 150 of 742 actions detected
| 0:25 | Build | Town Center |
| 2:35 | Queue | Villager (Male) |
| 2:39 | Queue | Villager (Male) |
| 2:45 | Build | House |
| 2:54 | Queue | Villager (Male) |
| 3:22 | Queue | Villager (Male) |
| 3:39 | Build | House |
| 3:47 | Queue | Villager (Male) |
| 4:17 | Queue | Villager (Male) |
| 4:32 | Build | House |
| 4:33 | Build | House |
| 4:50 | Queue | Villager (Male) |
| 4:50 | Queue | Villager (Male) |
| 4:54 | Build | House |
| 5:07 | Queue | Villager (Male) |
| 5:34 | Build | Palisade Gate |
| 5:43 | Queue | Villager (Male) |
| 5:43 | Queue | Villager (Male) |
| 5:48 | Queue | Villager (Male) |
| 6:06 | Build | House |
| 6:11 | Queue | Villager (Male) |
| 6:15 | Build | Mill |
| 6:20 | Build | House |
| 6:36 | Queue | Villager (Male) |
| 6:46 | Build | House |
| 6:59 | Build | House |
| 7:10 | Build | House |
| 7:41 | Build | Palisade Wall |
| 7:42 | Queue | Villager (Male) |
| 7:53 | Build | Palisade Gate |
| 7:57 | Queue | Villager (Male) |
| 8:07 | Build | Palisade Gate |
| 8:15 | Queue | Villager (Male) |
| 8:29 | Build | Palisade Wall |
| 8:42 | Build | Farm |
| 8:44 | Build | Farm |
| 8:57 | Build | House |
| 8:58 | Queue | Villager (Male) |
| 9:24 | Queue | Villager (Male) |
| 9:47 | Build | Farm |
| 9:48 | Queue | Villager (Male) |
| 10:10 | Queue | Villager (Male) |
| 10:45 | Queue | Villager (Male) |
| 10:54 | Build | Farm |
| 11:06 | Queue | Villager (Male) |
| 11:24 | Build | Mining Camp |
| 11:50 | Research | Feudal Age |
| 11:54 | Build | Mining Camp |
| 11:59 | Build | House |
| 13:12 | Build | House |
| 13:49 | Queue | Villager (Male) |
| 14:00 | Age | Feudal Age |
| 14:03 | Build | Market |
| 14:06 | Build | Blacksmith |
| 14:09 | Build | Palisade Wall |
| 14:13 | Queue | Villager (Male) |
| 14:32 | Build | Palisade Wall |
| 14:34 | Build | Palisade Gate |
| 14:35 | Build | Palisade Wall |
| 14:35 | Build | Palisade Wall |
| 14:51 | Queue | Villager (Male) |
| 15:05 | Build | Palisade Wall |
| 15:17 | Research | Loom |
| 15:30 | Build | House |
| 15:39 | Research | Castle Age |
| 15:46 | Build | Palisade Wall |
| 16:00 | Build | Palisade Wall |
| 16:19 | Build | Lumber Camp |
| 16:41 | Build | House |
| 16:47 | Research | Double-Bit Axe |
| 16:48 | Research | Double-Bit Axe |
| 17:11 | Build | House |
| 17:12 | Build | Stone Wall |
| 17:15 | Build | Palisade Gate |
| 17:19 | Build | Palisade Gate |
| 17:42 | Queue | Villager (Male) |
| 17:54 | Build | Palisade Wall |
| 17:57 | Build | Palisade Wall |
| 18:22 | Age | Castle Age |
| 18:33 | Build | Palisade Wall |
| 18:34 | Build | Palisade Wall |
| 18:35 | Queue | Villager (Male) |
| 18:48 | Build | Castle |
| 18:49 | Queue | Villager (Male) |
| 18:59 | Build | Palisade Wall |
| 19:14 | Queue | Villager (Male) |
| 19:20 | Build | Monastery |
| 19:42 | Queue | Villager (Male) |
| 20:14 | Queue | Ghulam |
| 20:14 | Queue | Ghulam |
| 20:17 | Queue | Villager (Male) |
| 20:39 | Queue | Villager (Male) |
| 20:45 | Queue | Ghulam |
| 20:55 | Queue | Villager (Male) |
| 21:08 | Queue | Villager (Male) |
| 21:14 | Build | House |
| 21:18 | Queue | Monk |
| 21:41 | Build | House |
| 21:56 | Queue | Villager (Male) |
| 22:10 | Build | Farm |
| 22:13 | Queue | Monk |
| 22:15 | Queue | Villager (Male) |
| 22:32 | Build | Stone Wall |
| 22:34 | Queue | Villager (Male) |
| 22:55 | Build | Town Center |
| 22:59 | Research | Wheelbarrow |
| 23:15 | Queue | Monk |
| 23:32 | Research | Bow Saw |
| 23:33 | Research | Bow Saw |
| 23:43 | Queue | Villager (Male) |
| 23:48 | Build | Farm |
| 24:02 | Build | Farm |
| 24:06 | Queue | Villager (Male) |
| 24:13 | Queue | Villager (Male) |
| 24:14 | Build | Farm |
| 24:15 | Build | Farm |
| 24:16 | Build | Farm |
| 24:19 | Build | Farm |
| 24:31 | Queue | Monk |
| 24:39 | Build | Town Center |
| 24:52 | Build | Farm |
| 24:53 | Build | Farm |
| 24:54 | Build | Farm |
| 24:58 | Build | Farm |
| 24:58 | Queue | Villager (Male) |
| 25:01 | Queue | Villager (Male) |
| 25:06 | Queue | Villager (Male) |
| 25:14 | Queue | Villager (Male) |
| 25:14 | Queue | Villager (Male) |
| 25:31 | Queue | Villager (Male) |
| 25:38 | Build | Farm |
| 25:38 | Queue | Villager (Male) |
| 25:49 | Build | Town Center |
| 25:50 | Queue | Villager (Male) |
| 25:58 | Queue | Villager (Male) |
| 26:00 | Build | Farm |
| 26:04 | Build | Farm |
| 26:05 | Build | Farm |
| 26:08 | Build | House |
| 26:09 | Queue | Villager (Male) |
| 26:13 | Queue | Villager (Male) |
| 26:14 | Queue | Villager (Male) |
| 26:22 | Build | Farm |
| 26:22 | Queue | Villager (Male) |
| 26:27 | Queue | Villager (Male) |
| 26:27 | Queue | Villager (Male) |
| 26:30 | Queue | Villager (Male) |
| 26:44 | Queue | Villager (Male) |
| 26:47 | Build | House |
| 26:49 | Build | Farm |
Build order — 直帝选手一碰就碎
First 150 of 356 actions detected
| 0:04 | Build | Town Center |
| 1:45 | Build | House |
| 2:23 | Queue | Villager (Male) |
| 2:23 | Queue | Villager (Male) |
| 2:23 | Queue | Villager (Male) |
| 2:24 | Queue | Villager (Male) |
| 2:24 | Queue | Villager (Male) |
| 3:47 | Build | House |
| 4:12 | Queue | Villager (Male) |
| 4:12 | Queue | Villager (Male) |
| 4:12 | Queue | Villager (Male) |
| 4:15 | Queue | Villager (Male) |
| 4:15 | Queue | Villager (Male) |
| 4:18 | Research | Loom |
| 5:11 | Build | House |
| 5:13 | Build | House |
| 5:19 | Build | House |
| 5:39 | Queue | Villager (Male) |
| 5:39 | Queue | Villager (Male) |
| 5:39 | Queue | Villager (Male) |
| 5:40 | Queue | Villager (Male) |
| 5:59 | Queue | Villager (Male) |
| 5:59 | Queue | Villager (Male) |
| 6:07 | Queue | Villager (Male) |
| 6:07 | Queue | Villager (Male) |
| 6:13 | Build | House |
| 6:46 | Build | House |
| 7:18 | Build | Mill |
| 7:45 | Queue | Villager (Male) |
| 7:46 | Queue | Villager (Male) |
| 7:46 | Queue | Villager (Male) |
| 7:46 | Queue | Villager (Male) |
| 7:48 | Queue | Villager (Male) |
| 7:48 | Queue | Villager (Male) |
| 8:27 | Queue | Villager (Male) |
| 8:27 | Queue | Villager (Male) |
| 8:27 | Queue | Villager (Male) |
| 8:28 | Queue | Villager (Male) |
| 8:28 | Queue | Villager (Male) |
| 10:34 | Build | Mining Camp |
| 11:12 | Research | Feudal Age |
| 11:12 | Research | Feudal Age |
| 11:46 | Queue | Villager (Male) |
| 11:46 | Queue | Villager (Male) |
| 11:56 | Build | Mining Camp |
| 13:52 | Age | Feudal Age |
| 13:58 | Build | Market |
| 14:02 | Build | Blacksmith |
| 14:44 | Research | Castle Age |
| 15:06 | Queue | Villager (Male) |
| 15:07 | Queue | Villager (Male) |
| 15:07 | Queue | Villager (Male) |
| 15:13 | Build | Lumber Camp |
| 15:49 | Build | Farm |
| 15:50 | Research | Double-Bit Axe |
| 15:52 | Research | Horse Collar |
| 15:52 | Research | Horse Collar |
| 16:13 | Build | Farm |
| 16:19 | Build | Farm |
| 16:23 | Build | Farm |
| 16:36 | Build | Farm |
| 16:55 | Build | Farm |
| 17:24 | Age | Castle Age |
| 17:28 | Build | Castle |
| 17:33 | Build | Barracks |
| 17:36 | Build | House |
| 17:38 | Build | House |
| 17:55 | Research | Bow Saw |
| 17:55 | Research | Bow Saw |
| 17:56 | Research | Bow Saw |
| 17:56 | Research | Bow Saw |
| 18:25 | Research | Fletching |
| 18:32 | Queue | Villager (Male) |
| 18:32 | Queue | Villager (Male) |
| 18:54 | Queue | Villager (Male) |
| 19:04 | Queue | War Wagon |
| 19:04 | Queue | War Wagon |
| 19:07 | Queue | War Wagon |
| 19:07 | Queue | War Wagon |
| 19:19 | Queue | Villager (Male) |
| 19:40 | Queue | Villager (Male) |
| 19:43 | Queue | War Wagon |
| 19:56 | Build | Stable |
| 20:02 | Build | Stable |
| 20:12 | Queue | Villager (Male) |
| 20:12 | Queue | Villager (Male) |
| 20:19 | Queue | War Wagon |
| 20:26 | Queue | War Wagon |
| 20:36 | Research | Bodkin Arrow |
| 20:36 | Research | Bodkin Arrow |
| 20:48 | Queue | Villager (Male) |
| 20:48 | Queue | Villager (Male) |
| 21:08 | Queue | Villager (Male) |
| 21:22 | Queue | War Wagon |
| 21:22 | Queue | War Wagon |
| 21:22 | Queue | War Wagon |
| 21:41 | Queue | Villager (Male) |
| 22:06 | Queue | Villager (Male) |
| 22:26 | Build | Siege Workshop |
| 22:33 | Queue | War Wagon |
| 22:34 | Queue | War Wagon |
| 22:34 | Queue | War Wagon |
| 22:58 | Queue | Battering Ram |
| 23:04 | Queue | Villager (Male) |
| 23:05 | Queue | Villager (Male) |
| 23:32 | Build | Monastery |
| 23:38 | Queue | Villager (Male) |
| 23:38 | Queue | Villager (Male) |
| 24:48 | Queue | War Wagon |
| 24:48 | Queue | War Wagon |
| 24:48 | Queue | War Wagon |
| 24:54 | Build | Castle |
| 24:59 | Queue | War Wagon |
| 24:59 | Queue | War Wagon |
| 24:59 | Queue | War Wagon |
| 25:10 | Queue | Monk |
| 25:10 | Queue | Monk |
| 25:21 | Queue | Villager (Male) |
| 25:21 | Queue | Villager (Male) |
| 25:39 | Queue | Battering Ram |
| 25:42 | Queue | Villager (Male) |
| 25:43 | Queue | Villager (Male) |
| 26:12 | Queue | War Wagon |
| 26:12 | Queue | War Wagon |
| 26:16 | Queue | War Wagon |
| 26:56 | Queue | Battering Ram |
| 27:11 | Build | Mining Camp |
| 27:22 | Build | Mining Camp |
| 27:31 | Research | Husbandry |
| 27:31 | Research | Husbandry |
| 27:31 | Research | Husbandry |
| 28:03 | Queue | Villager (Male) ×5 |
| 28:32 | Queue | Villager (Male) |
| 28:33 | Queue | Villager (Male) |
| 28:49 | Build | Farm |
| 28:50 | Build | Farm |
| 29:28 | Queue | Villager (Male) |
| 29:28 | Queue | Villager (Male) |
| 29:28 | Queue | Villager (Male) |
| 29:34 | Build | Town Center |
| 30:00 | Queue | Villager (Male) |
| 30:39 | Queue | Villager (Male) |
| 30:39 | Queue | Villager (Male) |
| 30:54 | Build | Town Center |
| 30:57 | Queue | War Wagon |
| 30:57 | Queue | War Wagon |
| 30:58 | Queue | War Wagon |
| 30:58 | Queue | War Wagon |
| 30:58 | Queue | War Wagon |
| 30:59 | Queue | War Wagon |
Build order — Cannon
First 150 of 407 actions detected
| 0:04 | Build | Town Center |
| 1:50 | Build | House |
| 2:07 | Queue | Villager (Male) |
| 2:07 | Queue | Villager (Male) |
| 2:11 | Queue | Villager (Male) |
| 2:12 | Queue | Villager (Male) |
| 2:47 | Build | House |
| 3:21 | Queue | Villager (Male) |
| 3:34 | Build | House |
| 3:36 | Build | Palisade Wall |
| 3:50 | Queue | Villager (Male) |
| 4:20 | Queue | Villager (Male) |
| 4:47 | Build | House |
| 4:48 | Build | House |
| 4:52 | Queue | Villager (Male) |
| 4:58 | Queue | Villager (Male) |
| 4:58 | Queue | Villager (Male) |
| 5:34 | Queue | Villager (Male) |
| 5:44 | Queue | Villager (Male) |
| 5:50 | Build | Lumber Camp |
| 6:04 | Queue | Villager (Male) |
| 6:04 | Queue | Villager (Male) |
| 6:33 | Build | Mill |
| 6:43 | Queue | Villager (Male) |
| 6:43 | Queue | Villager (Male) |
| 6:44 | Queue | Villager (Male) |
| 7:06 | Queue | Villager (Male) |
| 7:06 | Queue | Villager (Male) |
| 7:26 | Queue | Villager (Male) |
| 7:44 | Queue | Villager (Male) |
| 8:11 | Queue | Villager (Male) |
| 8:20 | Build | House |
| 8:21 | Queue | Villager (Male) |
| 8:40 | Queue | Villager (Male) |
| 8:47 | Build | House |
| 9:12 | Build | Lumber Camp |
| 10:12 | Build | House |
| 10:20 | Build | House |
| 10:38 | Research | Feudal Age |
| 10:42 | Build | Mining Camp |
| 11:16 | Build | House |
| 11:38 | Build | House |
| 12:25 | Queue | Villager (Male) |
| 13:03 | Age | Feudal Age |
| 13:06 | Build | Market |
| 13:09 | Build | Blacksmith |
| 13:14 | Queue | Villager (Male) |
| 13:54 | Research | Castle Age |
| 13:54 | Research | Castle Age |
| 13:59 | Build | Mining Camp |
| 14:54 | Research | Stone Mining |
| 15:31 | Research | Horse Collar |
| 15:31 | Research | Horse Collar |
| 15:43 | Queue | Villager (Male) |
| 16:12 | Build | Farm |
| 16:13 | Build | Farm |
| 16:34 | Age | Castle Age |
| 16:35 | Queue | Villager (Male) |
| 17:08 | Build | Farm |
| 17:10 | Queue | Villager (Male) |
| 17:12 | Build | Farm |
| 17:39 | Build | Farm |
| 17:51 | Build | Castle |
| 18:01 | Build | Farm |
| 18:04 | Queue | Villager (Male) |
| 18:04 | Queue | Villager (Male) |
| 18:12 | Build | University |
| 18:34 | Queue | Villager (Male) |
| 18:34 | Queue | Villager (Male) |
| 18:34 | Queue | Villager (Male) |
| 18:43 | Research | Padded Archer Armor |
| 18:44 | Research | Padded Archer Armor |
| 19:05 | Build | House |
| 19:06 | Queue | Villager (Male) |
| 19:09 | Queue | Arambai |
| 19:10 | Queue | Arambai |
| 19:28 | Research | Ballistics |
| 19:29 | Research | Ballistics |
| 19:32 | Queue | Villager (Male) |
| 19:32 | Queue | Villager (Male) |
| 19:37 | Queue | Villager (Male) |
| 19:43 | Build | Barracks |
| 20:01 | Queue | Arambai |
| 20:01 | Queue | Arambai |
| 20:12 | Queue | Villager (Male) |
| 20:12 | Queue | Villager (Male) |
| 20:14 | Queue | Arambai |
| 20:25 | Queue | Arambai |
| 20:25 | Queue | Arambai |
| 20:36 | Queue | Villager (Male) |
| 20:56 | Queue | Villager (Male) |
| 21:02 | Build | Stable |
| 21:05 | Research | Loom |
| 21:11 | Queue | Arambai |
| 21:14 | Queue | Villager (Male) |
| 21:29 | Queue | Villager (Male) |
| 21:32 | Build | Farm |
| 21:45 | Queue | Villager (Male) |
| 21:47 | Build | House |
| 22:08 | Queue | Arambai |
| 22:12 | Queue | Villager (Male) |
| 22:26 | Research | Bloodlines |
| 22:27 | Research | Bloodlines |
| 22:33 | Queue | Villager (Male) |
| 22:34 | Queue | Arambai |
| 22:45 | Build | Siege Workshop |
| 22:47 | Queue | Arambai |
| 22:48 | Queue | Villager (Male) |
| 22:53 | Queue | Arambai |
| 22:54 | Queue | Arambai |
| 23:11 | Queue | Villager (Male) |
| 23:18 | Research | Gold Mining |
| 23:19 | Research | Gold Mining |
| 23:22 | Queue | Arambai |
| 23:37 | Build | Farm |
| 23:39 | Research | Husbandry |
| 23:39 | Research | Husbandry |
| 23:48 | Queue | Battering Ram |
| 23:48 | Queue | Battering Ram |
| 23:50 | Build | House |
| 23:55 | Build | Outpost |
| 24:01 | Queue | Villager (Male) |
| 24:02 | Queue | Villager (Male) |
| 24:04 | Build | Farm |
| 24:11 | Build | House |
| 24:28 | Queue | Arambai |
| 24:28 | Queue | Arambai |
| 24:28 | Queue | Arambai |
| 24:36 | Queue | Arambai |
| 24:52 | Queue | Villager (Male) |
| 24:57 | Build | Castle |
| 25:03 | Queue | Battering Ram |
| 25:31 | Queue | Arambai |
| 25:31 | Queue | Arambai |
| 25:46 | Queue | Villager (Male) |
| 25:46 | Queue | Villager (Male) |
| 25:55 | Queue | Battering Ram |
| 25:55 | Queue | Battering Ram |
| 26:03 | Queue | Arambai |
| 26:04 | Queue | Arambai |
| 26:51 | Queue | Villager (Male) |
| 26:53 | Build | Farm |
| 26:54 | Queue | Villager (Male) |
| 26:54 | Queue | Villager (Male) |
| 26:59 | Queue | Arambai |
| 27:05 | Queue | Arambai |
| 27:10 | Queue | Arambai |
| 27:11 | Queue | Villager (Male) |
| 27:30 | Queue | Arambai |
| 27:30 | Queue | Arambai |
Build order — 龙门飞甲雨化田
First 150 of 412 actions detected
| 0:15 | Build | Town Center |
| 2:30 | Build | House |
| 2:44 | Queue | Villager (Male) |
| 2:46 | Queue | Villager (Male) |
| 2:47 | Queue | Villager (Male) |
| 2:47 | Queue | Villager (Male) |
| 2:54 | Build | House |
| 3:26 | Build | House |
| 4:03 | Research | Loom |
| 4:03 | Research | Loom |
| 4:08 | Build | House |
| 4:18 | Queue | Villager (Male) |
| 4:57 | Build | House |
| 5:00 | Queue | Villager (Male) |
| 5:00 | Queue | Villager (Male) |
| 5:21 | Queue | Villager (Male) |
| 5:21 | Queue | Villager (Male) |
| 5:41 | Queue | Villager (Male) |
| 5:44 | Build | House |
| 5:59 | Queue | Villager (Male) |
| 6:22 | Queue | Villager (Male) |
| 6:22 | Queue | Villager (Male) |
| 6:40 | Queue | Villager (Male) |
| 6:41 | Queue | Villager (Male) |
| 6:57 | Queue | Villager (Male) |
| 6:57 | Queue | Villager (Male) |
| 7:20 | Queue | Villager (Male) |
| 7:20 | Queue | Villager (Male) |
| 7:21 | Queue | Villager (Male) |
| 7:38 | Queue | Villager (Male) |
| 8:34 | Queue | Villager (Male) |
| 8:41 | Queue | Villager (Male) |
| 8:41 | Queue | Villager (Male) |
| 8:56 | Build | Mill |
| 9:11 | Queue | Villager (Male) |
| 9:52 | Build | House |
| 9:59 | Queue | Villager (Male) |
| 10:19 | Build | Mining Camp |
| 10:29 | Queue | Villager (Male) |
| 11:02 | Research | Feudal Age |
| 11:02 | Research | Feudal Age |
| 12:05 | Build | House |
| 12:20 | Build | House |
| 13:03 | Queue | Villager (Male) |
| 13:12 | Age | Feudal Age |
| 13:13 | Build | Market |
| 13:15 | Build | Blacksmith |
| 13:22 | Queue | Villager (Male) |
| 13:28 | Build | House |
| 13:29 | Build | Palisade Wall |
| 14:04 | Research | Castle Age |
| 14:04 | Research | Castle Age |
| 14:18 | Build | Lumber Camp |
| 14:44 | Research | Double-Bit Axe |
| 16:26 | Queue | Villager (Male) |
| 16:44 | Age | Castle Age |
| 16:46 | Build | Town Center |
| 16:56 | Build | Town Center |
| 17:00 | Queue | Villager (Male) |
| 17:03 | Research | Bow Saw |
| 17:14 | Queue | Villager (Male) |
| 17:40 | Build | Outpost |
| 17:42 | Queue | Villager (Male) |
| 17:55 | Queue | Villager (Male) |
| 18:17 | Queue | Villager (Male) |
| 18:20 | Queue | Villager (Male) |
| 18:25 | Build | Town Center |
| 18:30 | Queue | Villager (Male) |
| 18:36 | Queue | Villager (Male) |
| 18:54 | Research | Horse Collar |
| 18:55 | Research | Horse Collar |
| 18:57 | Build | Farm |
| 18:59 | Build | Farm |
| 19:01 | Build | Farm |
| 19:05 | Queue | Villager (Male) |
| 19:06 | Queue | Villager (Male) |
| 19:19 | Build | Farm |
| 19:21 | Build | Farm |
| 19:23 | Queue | Villager (Male) |
| 19:23 | Queue | Villager (Male) |
| 19:33 | Build | Farm |
| 19:39 | Queue | Villager (Male) |
| 19:44 | Queue | Villager (Male) |
| 19:44 | Queue | Villager (Male) |
| 20:01 | Queue | Villager (Male) |
| 20:02 | Queue | Villager (Male) |
| 20:05 | Queue | Villager (Male) |
| 20:06 | Queue | Villager (Male) |
| 20:08 | Build | Farm |
| 20:12 | Build | House |
| 20:13 | Build | House |
| 20:16 | Queue | Villager (Male) |
| 20:16 | Queue | Villager (Male) |
| 20:16 | Queue | Villager (Male) |
| 20:24 | Build | Farm |
| 20:27 | Queue | Villager (Male) |
| 20:31 | Build | Farm |
| 20:34 | Build | Farm |
| 20:37 | Queue | Villager (Male) |
| 20:38 | Queue | Villager (Male) |
| 20:38 | Queue | Villager (Male) |
| 20:47 | Queue | Villager (Male) |
| 20:48 | Queue | Villager (Male) |
| 21:07 | Queue | Villager (Male) |
| 21:09 | Queue | Villager (Male) |
| 21:14 | Queue | Villager (Male) |
| 21:16 | Queue | Villager (Male) |
| 21:29 | Build | Monastery |
| 21:33 | Queue | Villager (Male) |
| 21:34 | Queue | Villager (Male) |
| 21:36 | Queue | Villager (Male) |
| 21:38 | Queue | Villager (Male) |
| 21:43 | Build | House |
| 21:44 | Build | House |
| 21:46 | Build | House |
| 21:56 | Queue | Villager (Male) |
| 22:06 | Queue | Villager (Male) |
| 22:06 | Queue | Villager (Male) |
| 22:17 | Build | Siege Workshop |
| 22:18 | Queue | Monk |
| 22:21 | Build | House |
| 22:26 | Research | Fletching |
| 22:31 | Queue | Villager (Male) |
| 22:53 | Queue | Villager (Male) |
| 22:55 | Queue | Villager (Male) |
| 23:02 | Queue | Villager (Male) |
| 23:07 | Queue | Monk |
| 23:09 | Build | House |
| 23:12 | Queue | Villager (Male) |
| 23:19 | Build | Farm |
| 23:39 | Queue | Villager (Male) |
| 23:41 | Queue | Villager (Male) |
| 23:46 | Queue | Villager (Male) |
| 23:54 | Queue | Villager (Male) |
| 23:57 | Queue | Villager (Male) |
| 23:58 | Queue | Mangonel |
| 24:00 | Queue | Villager (Male) |
| 24:02 | Build | House |
| 24:04 | Queue | Villager (Male) |
| 24:30 | Queue | Villager (Male) |
| 24:39 | Queue | Villager (Male) |
| 24:46 | Queue | Villager (Male) |
| 24:55 | Queue | Monk |
| 25:37 | Queue | Mangonel |
| 26:36 | Queue | Villager (Male) |
| 26:37 | Queue | Villager (Male) |
| 26:41 | Build | Town Center |
| 26:42 | Queue | Villager (Male) |
| 26:56 | Queue | Villager (Male) |
| 27:19 | Build | Siege Workshop |
Build order — black empire lao lei
First 150 of 654 actions detected
| 0:52 | Build | Town Center |
| 2:05 | Build | House |
| 2:52 | Queue | Villager (Male) |
| 2:53 | Queue | Villager (Male) |
| 2:53 | Queue | Villager (Male) |
| 2:53 | Queue | Villager (Male) |
| 2:54 | Queue | Villager (Male) |
| 3:17 | Research | Loom |
| 4:17 | Queue | Villager (Male) |
| 4:18 | Queue | Villager (Male) |
| 4:18 | Queue | Villager (Male) |
| 4:21 | Build | House |
| 4:38 | Build | House |
| 5:32 | Queue | Villager (Male) |
| 5:32 | Queue | Villager (Male) |
| 5:33 | Queue | Villager (Male) |
| 5:33 | Queue | Villager (Male) |
| 6:58 | Build | Mill |
| 7:24 | Queue | Villager (Male) |
| 7:24 | Queue | Villager (Male) |
| 7:24 | Queue | Villager (Male) |
| 7:24 | Queue | Villager (Male) |
| 7:25 | Queue | Villager (Male) |
| 7:25 | Queue | Villager (Male) |
| 7:25 | Queue | Villager (Male) |
| 7:40 | Build | Mill |
| 8:07 | Build | House |
| 8:51 | Queue | Villager (Male) |
| 8:51 | Queue | Villager (Male) |
| 9:13 | Build | House |
| 9:35 | Build | Mining Camp |
| 10:39 | Queue | Villager (Male) |
| 10:39 | Queue | Villager (Male) |
| 10:44 | Queue | Villager (Male) |
| 11:25 | Build | Lumber Camp |
| 11:31 | Research | Feudal Age |
| 12:58 | Queue | Villager (Male) |
| 12:58 | Queue | Villager (Male) |
| 13:48 | Build | House |
| 13:54 | Build | House |
| 14:12 | Age | Feudal Age |
| 14:16 | Build | Market |
| 14:29 | Build | Stone Wall |
| 14:36 | Build | Gate |
| 14:51 | Build | Stone Wall |
| 14:56 | Build | House |
| 15:10 | Build | Blacksmith |
| 15:13 | Queue | Villager (Male) |
| 15:17 | Research | Double-Bit Axe |
| 15:24 | Build | House |
| 15:25 | Build | House |
| 15:40 | Research | Tech 1014 |
| 16:01 | Research | Castle Age |
| 16:03 | Queue | Villager (Male) |
| 16:13 | Build | Mining Camp |
| 16:23 | Build | Stone Wall |
| 16:26 | Build | Stone Wall |
| 16:34 | Build | House |
| 16:40 | Build | House |
| 16:46 | Build | House |
| 17:05 | Build | Lumber Camp |
| 17:27 | Build | House |
| 17:29 | Build | House |
| 17:32 | Build | House |
| 17:33 | Build | House |
| 18:04 | Queue | Villager (Male) |
| 18:05 | Queue | Villager (Male) |
| 18:41 | Age | Castle Age |
| 18:45 | Build | Town Center |
| 18:48 | Queue | Villager (Male) |
| 18:49 | Queue | Villager (Male) |
| 18:55 | Build | Town Center |
| 19:03 | Research | Bow Saw |
| 19:07 | Research | Tech 1013 |
| 19:19 | Build | Mining Camp |
| 19:54 | Build | Pasture |
| 19:55 | Build | Pasture |
| 20:00 | Queue | Villager (Male) |
| 20:00 | Queue | Villager (Male) |
| 20:14 | Build | House |
| 20:33 | Build | Barracks |
| 20:36 | Queue | Villager (Male) |
| 20:36 | Queue | Villager (Male) |
| 20:48 | Queue | Villager (Male) |
| 20:48 | Queue | Villager (Male) |
| 21:00 | Queue | Villager (Male) |
| 21:22 | Build | Pasture |
| 21:22 | Build | Pasture |
| 21:22 | Build | Pasture |
| 21:23 | Build | Pasture |
| 21:26 | Queue | Villager (Male) |
| 21:27 | Queue | Villager (Male) |
| 21:43 | Queue | Fire Lancer |
| 21:46 | Queue | Villager (Male) |
| 21:58 | Build | House |
| 21:59 | Build | House |
| 22:01 | Queue | Villager (Male) |
| 22:12 | Queue | Villager (Male) |
| 22:16 | Queue | Villager (Male) |
| 22:16 | Queue | Villager (Male) |
| 22:29 | Build | Pasture |
| 22:29 | Build | Pasture |
| 22:29 | Build | Pasture |
| 22:30 | Build | Pasture |
| 22:37 | Queue | Villager (Male) |
| 22:37 | Queue | Villager (Male) |
| 22:37 | Queue | Villager (Male) |
| 22:37 | Queue | Villager (Male) |
| 22:46 | Queue | Villager (Male) |
| 22:46 | Queue | Villager (Male) |
| 22:46 | Queue | Villager (Male) |
| 22:53 | Queue | Villager (Male) |
| 22:54 | Queue | Villager (Male) |
| 23:10 | Build | Town Center |
| 23:12 | Queue | Villager (Male) |
| 23:18 | Queue | Villager (Male) |
| 23:18 | Queue | Villager (Male) |
| 23:25 | Queue | Villager (Male) |
| 23:35 | Build | Town Center |
| 23:37 | Queue | Villager (Male) |
| 23:37 | Queue | Villager (Male) |
| 23:46 | Queue | Villager (Male) |
| 23:46 | Queue | Villager (Male) |
| 23:53 | Build | House |
| 23:54 | Queue | Villager (Male) |
| 23:54 | Queue | Villager (Male) |
| 24:05 | Queue | Villager (Male) |
| 24:14 | Build | House |
| 24:15 | Build | House |
| 24:19 | Queue | Villager (Male) |
| 24:20 | Queue | Villager (Male) |
| 24:20 | Queue | Villager (Male) |
| 24:20 | Queue | Villager (Male) |
| 24:21 | Queue | Villager (Male) |
| 24:21 | Queue | Villager (Male) |
| 24:21 | Queue | Villager (Male) |
| 24:40 | Build | Pasture |
| 24:41 | Build | Pasture |
| 24:42 | Build | Pasture |
| 24:43 | Build | Pasture |
| 24:45 | Build | Pasture |
| 24:55 | Queue | Villager (Male) |
| 24:55 | Queue | Villager (Male) |
| 24:59 | Research | Wheelbarrow |
| 24:59 | Research | Town Watch |
| 25:18 | Build | Monastery |
| 25:21 | Queue | Villager (Male) |
| 25:21 | Queue | Villager (Male) |
| 25:22 | Queue | Villager (Male) |
| 25:30 | Queue | Villager (Male) |
Build order — 綾地宁宁
First 150 of 344 actions detected
| 0:18 | Build | Town Center |
| 0:31 | Build | House |
| 2:35 | Queue | Villager (Male) |
| 2:36 | Queue | Villager (Male) |
| 2:46 | Queue | Villager (Male) |
| 2:51 | Queue | Villager (Male) |
| 3:49 | Queue | Villager (Male) |
| 3:49 | Queue | Villager (Male) |
| 4:33 | Queue | Villager (Male) |
| 4:34 | Queue | Villager (Male) |
| 4:46 | Queue | Villager (Male) |
| 4:46 | Queue | Villager (Male) |
| 4:49 | Build | House |
| 5:23 | Queue | Villager (Male) |
| 5:31 | Queue | Villager (Male) |
| 6:08 | Queue | Villager (Male) |
| 6:14 | Queue | Villager (Male) |
| 6:22 | Queue | Villager (Male) |
| 6:35 | Build | House |
| 7:10 | Queue | Villager (Male) |
| 7:22 | Queue | Villager (Male) |
| 7:36 | Queue | Villager (Male) |
| 7:40 | Build | House |
| 7:57 | Queue | Villager (Male) |
| 8:11 | Build | House |
| 8:29 | Queue | Villager (Male) |
| 9:07 | Build | Mill |
| 9:14 | Build | House |
| 9:19 | Queue | Villager (Male) |
| 9:27 | Build | House |
| 9:34 | Build | House |
| 9:41 | Build | House |
| 9:46 | Queue | Villager (Male) |
| 10:02 | Queue | Villager (Male) |
| 10:20 | Build | Mining Camp |
| 10:40 | Queue | Villager (Male) |
| 11:23 | Research | Feudal Age |
| 11:23 | Research | Feudal Age |
| 13:24 | Queue | Villager (Male) |
| 13:25 | Queue | Villager (Male) |
| 13:33 | Age | Feudal Age |
| 13:43 | Build | Market |
| 13:46 | Build | Blacksmith |
| 13:55 | Build | Mining Camp |
| 14:29 | Research | Castle Age |
| 14:29 | Research | Castle Age |
| 15:36 | Build | Outpost |
| 16:54 | Research | Loom |
| 17:09 | Age | Castle Age |
| 17:47 | Build | Palisade Wall |
| 17:49 | Build | Palisade Wall |
| 17:56 | Build | Palisade Wall |
| 18:05 | Queue | Villager (Male) |
| 18:29 | Build | House |
| 20:11 | Build | Castle |
| 20:21 | Build | Stone Wall |
| 21:23 | Build | Town Center |
| 21:47 | Build | Palisade Wall |
| 21:49 | Build | Palisade Wall |
| 21:50 | Build | Palisade Wall |
| 22:01 | Build | Palisade Wall |
| 22:01 | Build | Palisade Wall |
| 22:04 | Build | Palisade Wall |
| 22:30 | Build | Lumber Camp |
| 23:44 | Queue | Villager (Male) |
| 23:45 | Queue | Villager (Male) |
| 23:46 | Queue | Villager (Male) |
| 23:46 | Queue | Villager (Male) |
| 23:52 | Queue | Villager (Male) |
| 24:40 | Build | Town Center |
| 25:00 | Queue | Villager (Male) |
| 25:09 | Build | Farm |
| 25:13 | Queue | Villager (Male) |
| 25:20 | Queue | Villager (Male) |
| 25:21 | Queue | Villager (Male) |
| 25:31 | Build | Stone Wall |
| 25:35 | Build | Farm |
| 25:53 | Queue | Villager (Male) |
| 26:04 | Build | Farm |
| 26:07 | Build | Farm |
| 26:16 | Build | Farm |
| 26:27 | Queue | Villager (Male) |
| 26:33 | Build | Farm |
| 26:53 | Build | Farm |
| 26:56 | Queue | Villager (Male) |
| 26:56 | Queue | Villager (Male) |
| 26:59 | Build | Farm |
| 27:23 | Build | Farm |
| 27:28 | Queue | Villager (Male) |
| 27:28 | Queue | Villager (Male) |
| 27:31 | Build | Farm |
| 27:32 | Queue | Villager (Male) |
| 27:32 | Queue | Villager (Male) |
| 27:48 | Build | Farm |
| 27:55 | Queue | Villager (Male) |
| 27:55 | Queue | Villager (Male) |
| 28:03 | Build | Farm |
| 28:05 | Queue | Villager (Male) |
| 28:17 | Queue | Villager (Male) |
| 28:23 | Build | Farm |
| 28:28 | Queue | Villager (Male) |
| 28:33 | Build | Farm |
| 28:43 | Queue | Villager (Male) |
| 28:43 | Queue | Villager (Male) |
| 28:54 | Build | Farm |
| 28:55 | Queue | Villager (Male) |
| 29:05 | Build | Farm |
| 29:07 | Queue | Villager (Male) |
| 29:07 | Queue | Villager (Male) |
| 29:13 | Queue | Villager (Male) |
| 29:14 | Queue | Villager (Male) |
| 29:18 | Build | Farm |
| 29:23 | Build | House |
| 29:27 | Queue | Villager (Male) |
| 29:27 | Queue | Villager (Male) |
| 29:36 | Build | Farm |
| 29:36 | Queue | Villager (Male) |
| 29:36 | Queue | Villager (Male) |
| 29:41 | Queue | Villager (Male) |
| 29:56 | Queue | Villager (Male) |
| 29:56 | Queue | Villager (Male) |
| 29:58 | Queue | Villager (Male) |
| 29:58 | Queue | Villager (Male) |
| 30:04 | Build | House |
| 30:15 | Queue | Villager (Male) |
| 30:18 | Build | Farm |
| 30:21 | Queue | Villager (Male) |
| 30:32 | Build | House |
| 30:33 | Queue | Villager (Male) |
| 30:38 | Queue | Villager (Male) |
| 30:45 | Queue | Villager (Male) |
| 31:01 | Research | Wheelbarrow |
| 31:16 | Queue | Villager (Male) |
| 31:21 | Build | Farm |
| 31:23 | Queue | Villager (Male) |
| 31:27 | Build | Mining Camp |
| 31:29 | Queue | Villager (Male) |
| 31:43 | Queue | Villager (Male) |
| 31:57 | Queue | Villager (Male) |
| 32:24 | Build | Town Center |
| 32:25 | Queue | Villager (Male) |
| 32:28 | Queue | Villager (Male) |
| 32:33 | Research | Double-Bit Axe |
| 32:43 | Queue | Villager (Male) |
| 32:53 | Research | Horse Collar |
| 32:57 | Queue | Villager (Male) |
| 33:11 | Queue | Villager (Male) |
| 33:20 | Queue | Villager (Male) |
| 33:34 | Queue | Villager (Male) |
| 33:36 | Research | Hand Cart |
Build order — yuyuyuyuyu
First 150 of 693 actions detected
| 0:20 | Build | Town Center |
| 1:59 | Build | House |
| 2:31 | Queue | Villager (Male) |
| 2:31 | Queue | Villager (Male) |
| 2:36 | Queue | Villager (Male) |
| 2:37 | Queue | Villager (Male) |
| 2:37 | Queue | Villager (Male) |
| 3:56 | Queue | Villager (Male) |
| 3:56 | Queue | Villager (Male) |
| 4:17 | Queue | Villager (Male) |
| 4:18 | Queue | Villager (Male) |
| 4:33 | Build | House |
| 4:40 | Queue | Villager (Male) |
| 5:08 | Queue | Villager (Male) |
| 5:08 | Queue | Villager (Male) |
| 5:45 | Queue | Villager (Male) |
| 5:45 | Queue | Villager (Male) |
| 5:57 | Build | House |
| 6:07 | Queue | Villager (Male) |
| 6:07 | Queue | Villager (Male) |
| 6:12 | Build | House |
| 6:14 | Build | House |
| 6:30 | Queue | Villager (Male) |
| 6:45 | Queue | Villager (Male) |
| 6:45 | Queue | Villager (Male) |
| 6:55 | Build | House |
| 7:09 | Build | House |
| 7:20 | Queue | Villager (Male) |
| 7:22 | Build | House |
| 7:50 | Queue | Villager (Male) |
| 7:50 | Queue | Villager (Male) |
| 8:01 | Build | Mill |
| 8:08 | Build | House |
| 8:17 | Queue | Villager (Male) |
| 8:17 | Queue | Villager (Male) |
| 8:18 | Queue | Villager (Male) |
| 8:18 | Queue | Villager (Male) |
| 8:18 | Queue | Villager (Male) |
| 8:22 | Build | House |
| 8:24 | Build | House |
| 8:33 | Queue | Villager (Male) |
| 8:44 | Build | House |
| 8:48 | Build | House |
| 9:26 | Build | House |
| 9:28 | Build | Mining Camp |
| 10:36 | Queue | Villager (Male) |
| 10:39 | Build | House |
| 10:44 | Research | Feudal Age |
| 11:38 | Build | House |
| 12:12 | Queue | Villager (Male) |
| 12:12 | Queue | Villager (Male) |
| 12:15 | Build | House |
| 12:40 | Build | House |
| 13:03 | Age | Feudal Age |
| 13:13 | Build | Market |
| 13:16 | Build | Blacksmith |
| 13:21 | Research | Loom |
| 13:37 | Build | Lumber Camp |
| 13:56 | Queue | Villager (Male) |
| 14:03 | Research | Castle Age |
| 14:03 | Research | Castle Age |
| 14:17 | Build | House |
| 14:24 | Research | Double-Bit Axe |
| 14:24 | Research | Double-Bit Axe |
| 15:30 | Build | House |
| 15:36 | Build | Palisade Wall |
| 15:44 | Build | Palisade Wall |
| 16:04 | Queue | Villager (Male) |
| 16:04 | Queue | Villager (Male) |
| 16:33 | Build | Palisade Wall |
| 16:42 | Build | Palisade Wall |
| 16:43 | Age | Castle Age |
| 16:45 | Queue | Villager (Male) |
| 16:48 | Build | Town Center |
| 16:54 | Research | Bow Saw |
| 16:54 | Research | Bow Saw |
| 16:56 | Queue | Villager (Male) |
| 17:08 | Build | Town Center |
| 17:20 | Build | House |
| 17:21 | Build | House |
| 17:22 | Build | House |
| 17:23 | Build | House |
| 17:24 | Queue | Villager (Male) |
| 17:41 | Queue | Villager (Male) |
| 18:05 | Build | Palisade Wall |
| 18:06 | Queue | Villager (Male) |
| 18:06 | Queue | Villager (Male) |
| 18:08 | Queue | Villager (Male) |
| 18:15 | Queue | Villager (Male) |
| 18:23 | Build | Palisade Wall |
| 18:31 | Queue | Villager (Male) |
| 18:32 | Queue | Villager (Male) |
| 18:46 | Queue | Villager (Male) |
| 18:46 | Queue | Villager (Male) |
| 18:53 | Queue | Villager (Male) |
| 19:06 | Build | House |
| 19:07 | Queue | Villager (Male) |
| 19:38 | Queue | Villager (Male) |
| 19:49 | Build | Gate |
| 19:54 | Queue | Villager (Male) |
| 19:57 | Build | Town Center |
| 20:11 | Build | Gate |
| 20:14 | Queue | Villager (Male) |
| 20:14 | Queue | Villager (Male) |
| 20:15 | Queue | Villager (Male) |
| 20:16 | Queue | Villager (Male) |
| 20:26 | Research | Horse Collar |
| 20:36 | Queue | Villager (Male) |
| 20:52 | Queue | Villager (Male) |
| 20:52 | Queue | Villager (Male) |
| 20:59 | Queue | Villager (Male) |
| 21:20 | Build | Farm |
| 21:21 | Build | Farm |
| 21:22 | Build | Farm |
| 21:23 | Build | Farm |
| 21:24 | Queue | Villager (Male) |
| 21:24 | Queue | Villager (Male) |
| 21:25 | Queue | Villager (Male) |
| 21:25 | Queue | Villager (Male) |
| 21:36 | Queue | Villager (Male) |
| 21:36 | Queue | Villager (Male) |
| 21:47 | Build | Barracks |
| 21:54 | Queue | Villager (Male) |
| 21:54 | Queue | Villager (Male) |
| 22:08 | Queue | Villager (Male) |
| 22:08 | Queue | Villager (Male) |
| 22:16 | Build | House |
| 22:16 | Build | House |
| 22:17 | Build | House |
| 22:18 | Build | House |
| 22:19 | Build | House |
| 22:20 | Build | House |
| 22:20 | Build | House |
| 22:26 | Build | Farm |
| 22:27 | Build | Farm |
| 22:27 | Build | Farm |
| 22:27 | Build | Farm |
| 22:28 | Build | Farm |
| 22:33 | Build | Farm |
| 22:33 | Build | Farm |
| 22:34 | Build | Farm |
| 22:34 | Build | Farm |
| 22:41 | Build | Farm |
| 22:44 | Build | Farm |
| 22:49 | Queue | Villager (Male) |
| 22:50 | Queue | Villager (Male) |
| 22:50 | Queue | Villager (Male) |
| 22:50 | Queue | Villager (Male) |
| 22:50 | Queue | Villager (Male) |
| 22:51 | Queue | Villager (Male) |
Match timeline
| 3:36 | Cannon · wall_segment Palisade Wall x5 |
| 7:04 | 元子 · wall_segment Palisade Wall x8 |
| 7:11 | 元子 · wall_segment Palisade Wall x1 |
| 7:41 | _LY_抖音肥龙 · wall_segment Palisade Wall x5 |
| 8:29 | _LY_抖音肥龙 · wall_segment Palisade Wall x5 |
| 13:03 | Cannon · age_up feudal |
| 13:03 | yuyuyuyuyu · age_up feudal |
| 13:12 | 龙门飞甲雨化田 · age_up feudal |
| 13:29 | 龙门飞甲雨化田 · wall_segment Palisade Wall x2 |
| 13:33 | 綾地宁宁 · age_up feudal |
| 13:52 | 直帝选手一碰就碎 · age_up feudal |
| 14:00 | _LY_抖音肥龙 · age_up feudal |
| 14:00 | 元子 · age_up feudal |
| 14:09 | _LY_抖音肥龙 · wall_segment Palisade Wall x11 |
| 14:12 | black empire lao lei · age_up feudal |
| 14:28 | 綾地宁宁 · first_market_buy 100 food |
| 14:29 | black empire lao lei · wall_segment Stone Wall x4 |
| 14:32 | _LY_抖音肥龙 · wall_segment Palisade Wall x4 |
| 14:35 | _LY_抖音肥龙 · wall_segment Palisade Wall x1 |
| 14:35 | _LY_抖音肥龙 · wall_segment Palisade Wall x1 |
| 14:51 | black empire lao lei · wall_segment Stone Wall x13 |
| 15:05 | _LY_抖音肥龙 · wall_segment Palisade Wall x1 |
| 15:36 | yuyuyuyuyu · wall_segment Palisade Wall x5 |
| 15:44 | yuyuyuyuyu · wall_segment Palisade Wall x2 |
| 15:46 | _LY_抖音肥龙 · wall_segment Palisade Wall x1 |
| 16:00 | _LY_抖音肥龙 · wall_segment Palisade Wall x1 |
| 16:18 | 元子 · wall_segment Stone Wall x1 |
| 16:18 | 元子 · wall_segment Stone Wall x1 |
| 16:23 | black empire lao lei · wall_segment Stone Wall x5 |
| 16:26 | black empire lao lei · wall_segment Stone Wall x14 |
| 16:31 | 元子 · wall_segment Stone Wall x12 |
| 16:33 | yuyuyuyuyu · wall_segment Palisade Wall x9 |
| 16:34 | Cannon · age_up castle |
| 16:42 | yuyuyuyuyu · wall_segment Palisade Wall x9 |
| 16:43 | yuyuyuyuyu · age_up castle |
| 16:44 | 龙门飞甲雨化田 · age_up castle |
| 17:09 | 綾地宁宁 · age_up castle |
| 17:12 | _LY_抖音肥龙 · wall_segment Stone Wall x1 |
| 17:24 | 直帝选手一碰就碎 · age_up castle |
| 17:28 | 直帝选手一碰就碎 · first_building Castle |
| 17:33 | 直帝选手一碰就碎 · first_building Barracks |
| 17:38 | 元子 · first_building Barracks |
| 17:47 | 綾地宁宁 · wall_segment Palisade Wall x1 |
| 17:49 | 綾地宁宁 · wall_segment Palisade Wall x1 |
| 17:51 | Cannon · first_building Castle |
| 17:54 | _LY_抖音肥龙 · wall_segment Palisade Wall x1 |
| 17:56 | 綾地宁宁 · wall_segment Palisade Wall x1 |
| 17:57 | _LY_抖音肥龙 · wall_segment Palisade Wall x1 |
| 18:03 | 元子 · age_up castle |
| 18:05 | yuyuyuyuyu · wall_segment Palisade Wall x12 |
| 18:17 | 龙门飞甲雨化田 · first_market_buy 100 stone |
| 18:22 | _LY_抖音肥龙 · age_up castle |
| 18:23 | yuyuyuyuyu · wall_segment Palisade Wall x12 |
| 18:32 | Cannon · first_market_buy 100 food |
| 18:33 | _LY_抖音肥龙 · wall_segment Palisade Wall x1 |
| 18:34 | _LY_抖音肥龙 · wall_segment Palisade Wall x1 |
| 18:41 | black empire lao lei · age_up castle |
| 18:48 | _LY_抖音肥龙 · first_building Castle |
| 18:59 | _LY_抖音肥龙 · wall_segment Palisade Wall x1 |
| 19:03 | 元子 · wall_segment Stone Wall x1 |
| 19:20 | _LY_抖音肥龙 · first_building Monastery |
| 19:22 | yuyuyuyuyu · first_market_buy 100 stone |
| 19:43 | Cannon · first_building Barracks |
| 19:56 | 直帝选手一碰就碎 · first_building Stable |
| 20:11 | 綾地宁宁 · first_building Castle |
| 20:21 | 綾地宁宁 · wall_segment Stone Wall x5 |
| 20:25 | 元子 · wall_segment Stone Wall x5 |
| 20:33 | 直帝选手一碰就碎 · first_market_sell 100 food |
| 20:33 | black empire lao lei · first_building Barracks |
| 21:02 | Cannon · first_building Stable |
| 21:14 | 元子 · wall_segment Stone Wall x1 |
| 21:17 | _LY_抖音肥龙 · first_market_sell 100 food |
| 21:29 | 龙门飞甲雨化田 · first_building Monastery |
| 21:47 | yuyuyuyuyu · first_building Barracks |
| 21:47 | 綾地宁宁 · wall_segment Palisade Wall x1 |
| 21:49 | 綾地宁宁 · wall_segment Palisade Wall x1 |
| 21:50 | 綾地宁宁 · wall_segment Palisade Wall x1 |
| 22:01 | 綾地宁宁 · wall_segment Palisade Wall x1 |
| 22:01 | 綾地宁宁 · wall_segment Palisade Wall x1 |
| 22:04 | 綾地宁宁 · wall_segment Palisade Wall x1 |
| 22:17 | 龙门飞甲雨化田 · first_building Siege Workshop |
| 22:26 | 直帝选手一碰就碎 · first_building Siege Workshop |
| 22:32 | _LY_抖音肥龙 · wall_segment Stone Wall x1 |
| 22:45 | Cannon · first_building Siege Workshop |
| 23:27 | 龙门飞甲雨化田 · first_market_sell 100 wood |
| 23:27 | yuyuyuyuyu · first_building Archery Range |
| 23:32 | 直帝选手一碰就碎 · first_building Monastery |
| 24:43 | 元子 · first_building Monastery |
| 24:44 | yuyuyuyuyu · first_building Monastery |
| 25:18 | black empire lao lei · first_building Monastery |
| 25:31 | 綾地宁宁 · wall_segment Stone Wall x1 |
| 26:24 | black empire lao lei · first_building Stable |
| 27:17 | _LY_抖音肥龙 · first_market_buy 100 food |
| 27:45 | 元子 · first_market_buy 100 food |
| 28:13 | 元子 · first_building Castle |
| 28:28 | yuyuyuyuyu · first_building Castle |
| 28:31 | 元子 · wall_segment Stone Wall x15 |
| 29:06 | Cannon · first_building Monastery |
| 29:53 | yuyuyuyuyu · first_building Stable |
| 29:55 | black empire lao lei · first_building Castle |
| 31:04 | yuyuyuyuyu · first_building Siege Workshop |
| 31:07 | 元子 · age_up imperial |
| 32:46 | yuyuyuyuyu · age_up imperial |
| 34:00 | _LY_抖音肥龙 · first_building Barracks |
| 34:56 | _LY_抖音肥龙 · first_building Archery Range |
| 35:16 | 元子 · first_building Siege Workshop |
| 35:23 | _LY_抖音肥龙 · wall_segment Stone Wall x12 |
| 36:02 | _LY_抖音肥龙 · wall_segment Stone Wall x11 |
| 36:08 | _LY_抖音肥龙 · age_up imperial |
| 36:30 | 龙门飞甲雨化田 · wall_segment Stone Wall x1 |
| 36:38 | _LY_抖音肥龙 · wall_segment Stone Wall x3 |
| 36:50 | 綾地宁宁 · first_building Barracks |
| 36:59 | Cannon · first_market_sell 100 food |
| 37:14 | _LY_抖音肥龙 · wall_segment Stone Wall x2 |
| 38:10 | black empire lao lei · age_up imperial |
| 38:31 | 綾地宁宁 · first_building Archery Range |
| 38:31 | _LY_抖音肥龙 · first_building Siege Workshop |
| 38:35 | yuyuyuyuyu · wall_segment Stone Wall x9 |
| 38:59 | black empire lao lei · wall_segment Stone Wall x12 |
| 39:05 | 綾地宁宁 · first_building Siege Workshop |
| 39:19 | 元子 · first_building Archery Range |
| 39:26 | 直帝选手一碰就碎 · tribute_sent a jugador 1 |
| 39:26 | 直帝选手一碰就碎 · tribute_sent a jugador 3 |
| 39:26 | 直帝选手一碰就碎 · tribute_sent a jugador 4 |
| 39:26 | 直帝选手一碰就碎 · tribute_sent a jugador 5 |
| 39:26 | 直帝选手一碰就碎 · tribute_sent a jugador 6 |
| 39:26 | 直帝选手一碰就碎 · tribute_sent a jugador 7 |
| 39:26 | 直帝选手一碰就碎 · tribute_sent a jugador 8 |
| 39:27 | black empire lao lei · tribute_sent a jugador 1 |
| 39:27 | black empire lao lei · tribute_sent a jugador 2 |
| 39:27 | black empire lao lei · tribute_sent a jugador 3 |
| 39:27 | black empire lao lei · tribute_sent a jugador 4 |
| 39:27 | black empire lao lei · tribute_sent a jugador 6 |
| 39:27 | black empire lao lei · tribute_sent a jugador 7 |
| 39:27 | black empire lao lei · tribute_sent a jugador 8 |
| 39:28 | 龙门飞甲雨化田 · first_building Castle |
| 40:10 | Cannon · age_up imperial |
| 40:14 | 綾地宁宁 · age_up imperial |
| 41:42 | 元子 · wall_segment Stone Wall x2 |
| 42:47 | 元子 · wall_segment Stone Wall x1 |
| 42:51 | 元子 · wall_segment Stone Wall x1 |
| 44:35 | 直帝选手一碰就碎 · age_up imperial |
| 44:43 | 元子 · first_market_sell 500 food |
| 45:26 | 龙门飞甲雨化田 · first_building Barracks |
| 45:34 | 綾地宁宁 · tribute_sent a jugador 1 |
| 45:34 | 綾地宁宁 · tribute_sent a jugador 2 |
| 45:34 | 綾地宁宁 · tribute_sent a jugador 3 |
| 45:34 | 綾地宁宁 · tribute_sent a jugador 4 |
| 45:34 | 綾地宁宁 · tribute_sent a jugador 5 |
| 45:34 | 綾地宁宁 · tribute_sent a jugador 7 |
| 45:34 | 綾地宁宁 · tribute_sent a jugador 8 |
| 46:21 | 元子 · wall_segment Stone Wall x5 |
| 46:29 | 元子 · wall_segment Stone Wall x1 |
| 46:30 | 元子 · wall_segment Stone Wall x1 |
| 46:32 | 龙门飞甲雨化田 · first_building Archery Range |
| 46:33 | 元子 · wall_segment Stone Wall x1 |
| 46:35 | 元子 · wall_segment Stone Wall x1 |
| 47:34 | yuyuyuyuyu · tribute_sent a jugador 1 |
| 47:34 | yuyuyuyuyu · tribute_sent a jugador 2 |
| 47:34 | yuyuyuyuyu · tribute_sent a jugador 3 |
| 47:34 | yuyuyuyuyu · tribute_sent a jugador 4 |
| 47:34 | yuyuyuyuyu · tribute_sent a jugador 5 |
| 47:34 | yuyuyuyuyu · tribute_sent a jugador 6 |
| 47:34 | yuyuyuyuyu · tribute_sent a jugador 8 |
| 48:05 | 龙门飞甲雨化田 · age_up imperial |
| 48:17 | yuyuyuyuyu · resign |
[ AI ANALYSIS · 1 CREDIT ]
What really happened in this match?
Wolo.gg analyzes every decision: build order, eco, micro, common mistakes by bracket. Personalized analysis on WhatsApp or Discord in 30 seconds.
Civ guide
Aztecs
Perfil
Jugador #22008407